 Dungeon Crawl Stone Soup version 0.22-a0-558-gc2241811a9 (webtiles) character file.

12690 Kholdaimon the Blocker (level 11, -5/97 HPs)
             Began as a Minotaur Fighter on June 27, 2018.
             Was a High Priest of Okawaru.
             Slain by a seven-headed hydra (9 damage)
             ... on level 11 of the Dungeon.
             The game lasted 01:26:07 (13524 turns).

Kholdaimon the Blocker (Minotaur Fighter)          Turns: 13524, Time: 01:26:08

Health: -5/97      AC: 15    Str: 18    XL:     11   Next: 65%
Magic:  13/13      EV:  9    Int:  8    God:    Okawaru [*****.]
Gold:   753        SH:  0    Dex: 20    Spells: 11/14 levels left

rFire    + + .     SeeInvis .   Q - +9 arbalest of Poverty {venom, +Blink rPois Str-2 Dex+5}
rCold    x . .     Gourm    .   (shield currently unavailable)
rNeg     . . .     Faith    .   E - +0 fire dragon scales
rPois    +         Spirit   .   (helmet restricted)
rElec    .         Reflect  .   B - +0 cloak
rCorr    .         Harm     .   D - +1 pair of gloves
MR       +....                  (no boots)
Stlth    ..........             X - amulet of magic regeneration
HPRegen  0.26/turn              b - +4 ring of dexterity
MPRegen  0.38/turn              V - ring of protection from magic

@: no status effects
A: retaliatory headbutt, horns 2
a: Heroism, Finesse, Renounce Religion, Evoke Blink


You were on level 11 of the Dungeon.
You worshipped Okawaru.
Okawaru was extremely pleased with you.
You were not hungry.

You visited 2 branches of the dungeon, and saw 12 of its levels.
You also visited: Ossuary.

You collected 753 gold pieces.

Inventory:

Hand Weapons
 a - a +1 war axe
 C - a +0 hand crossbow
 Q - the +9 arbalest of Poverty (weapon) {venom, +Blink rPois Str-2 Dex+5}
   (Okawaru gifted it to you on level 11 of the Dungeon)

   It poisons the ammo it fires.
   It affects your strength (-2).
   It affects your dexterity (+5).
   It protects you from poison.
   It lets you blink.
 R - a +0 blowgun
 Y - a +0 trident
Missiles
 l - 117 bolts (quivered)
 u - 73 poisoned needles
 y - 13 tomahawks
 A - 2 throwing nets
 T - 5 silver javelins
 W - 3 curare-tipped needles
Armour
 c - a +0 shield
 e - a +3 chain mail
 z - the +3 hat of Pondering {ponderous, MR+ MP+10 Int+5}
   (You took it off Gastronok on level 8 of the Dungeon)

   It affects your intelligence (+5).
   It affects your resistance to hostile enchantments.
   It affects your magic capacity (+10).
 B - a +0 cloak (worn)
 D - a +1 pair of gloves (worn)
 E - +0 fire dragon scales (worn)
 Z - a +2 chain mail of cold resistance
Jewellery
 b - a +4 ring of dexterity (left hand)
 P - a +2 ring of intelligence
 U - an uncursed ring of ice
 V - a ring of protection from magic (right hand)
 X - an amulet of magic regeneration (around neck)
Wands
 n - a wand of acid (14)
 x - a wand of disintegration (8)
 J - a wand of flame (19)
 O - a wand of polymorph (12)
 S - a wand of iceblast (7)
Scrolls
 i - 2 scrolls of enchant weapon
 k - 4 scrolls of remove curse
 p - 5 scrolls of immolation
 s - 2 scrolls of teleportation
 t - 3 scrolls of fear
 w - a scroll of fog
 F - a scroll of enchant armour
 I - a scroll of blinking
 K - a scroll of identify
 N - 4 scrolls of magic mapping
Potions
 d - 5 potions of might
 g - 6 potions of haste
 h - 3 potions of brilliance
 j - 6 potions of curing
 m - 2 potions of heal wounds
 o - 2 potions of cancellation
 q - a potion of mutation
 r - 7 potions of flight
 v - 3 potions of lignification
 G - 2 potions of berserk rage
 H - a potion of ambrosia
 M - a potion of agility
Comestibles
 f - 19 rations
 L - 3 chunks of flesh


   Skills:
 + Level 9.0 Fighting
 * Level 11.5 Axes
 + Level 6.8 Crossbows
 + Level 9.0 Armour
 * Level 11.8 Shields
 + Level 2.1 Spellcasting
 + Level 2.2 Charms
 + Level 2.4 Necromancy


You had 11 spell levels left.
You knew the following spells:

 Your Spells              Type           Power        Failure   Level  Hunger
a - Regeneration          Chrm/Necr      #.........   78%         3    ####...

Your spell library contained the following spells:

 Spells                   Type           Power        Failure   Level  Hunger
 Animate Dead             Necr           N/A          99%         4    #####..
 Pain                     Necr           #...         38%         1    ##.....
 Animate Skeleton         Necr           N/A          38%         1    ##.....
 Vampiric Draining        Necr           #.........   77%         3    ####...


Dungeon Overview and Level Annotations

Branches:
Dungeon (11/15)            Temple (1/1) D:5            Lair (0/6) D:11
    Orc (0/2) D:11

Altars:
Ashenzari
Dithmenos
Elyvilon
Fedhas
Gozag
Hepliaklqana
Makhleb
Nemelex Xobeh
Okawaru
Qazlal
Ru
Sif Muna
Trog
Uskayaw
Xom
The Shining One

Shops:
D:10 *


Innate Abilities, Weirdness & Mutations

You reflexively headbutt those who attack you in melee.
You have a pair of horns on your head.


Message History

* * * LOW HITPOINT WARNING * * *
The seven-headed hydra closely misses you.
The seven-headed hydra bites you.
* * * LOW HITPOINT WARNING * * *
The seven-headed hydra bites you!
* * * LOW HITPOINT WARNING * * *
The seven-headed hydra bites you.
* * * LOW HITPOINT WARNING * * *
The seven-headed hydra bites you!
* * * LOW HITPOINT WARNING * * *
The seven-headed hydra bites you.
* * * LOW HITPOINT WARNING * * *
The seven-headed hydra bites you but does no damage.
Firing (i - inventory. (/) - cycle)
l - 118 bolts (quivered)
Press: ? - help, Shift-Dir - straight line, f/p - seven-headed hydra
Aim: a seven-headed hydra (heavily wounded, poisoned)
You shoot a bolt. The bolt hits the seven-headed hydra!
The seven-headed hydra is severely wounded.
The seven-headed hydra bites you!
You die...

#..#############.P..P.##########
#..# ##..PP.....P########
#..##########........P.P........
#............P...P...P..P...)...
#.##########..P...P.P.P.........
#.# #.P.P.##'#P.P...##### #.#
##P....#))#...P..# #.#
#..P...#>.#.....##
#.#########..PP@P####.PPP.#
#...............D....P.P..######
#.............P..(..P.P.........
#..................PPP...#######
#.############P.....P...########
#.. .........P....)..........
#.. .........................
#................)..............
#...............................


You could see a seven-headed hydra.

Vanquished Creatures
  Gastronok (D:8)
  A centaur warrior (D:9)
  An ugly thing (D:11)
  Joseph (D:8)
  4 trolls (D:9)
  2 hornets
  A hungry ghost (D:11)
  8 yaks
  A steam dragon (D:11)
  2 insubstantial wisps (D:11)
  7 sky beasts
  4 ice beasts
  7 orc warriors
  6 black bears
  An eye of draining (D:10)
  2 phantoms
  6 ogres
  4 centaurs
  A crocodile (D:11)
  A big kobold (D:8)
  10 bullfrogs
  3 water moccasin zombies (Ossuary)
  4 scorpions
  9 killer bees
  6 howler monkeys
  6 crimson imps
  A bullfrog zombie (D:7)
  5 hounds
  2 jellies
  Crazy Yiuf (D:2)
  2 bullfrog skeletons (D:5)
  2 centaur skeletons
  7 orc priests
  9 orc wizards
  An iguana (D:9)
  7 worker ants
  4 big kobold zombies (Ossuary)
  2 hound zombies (D:8)
  2 mummies (Ossuary)
  A howler monkey zombie (D:8)
  A worker ant zombie (D:9)
  Robin (D:2)
  6 adders
  3 gnolls (D:4)
  An ooze (D:2)
  3 adder zombies (Ossuary)
  3 worms (D:2)
  A dart slug (D:1)
  8 leopard geckos
  46 orcs
  3 ball pythons
  7 giant cockroaches
  4 gnoll zombies (Ossuary)
  13 goblins (D:2)
  14 hobgoblins
  6 jackals
  11 kobolds
  9 quokkas
  A ball python skeleton (D:5)
  13 bats
  7 frilled lizards
  A giant cockroach zombie (D:5)
  A hobgoblin zombie (Ossuary)
  A jackal zombie (D:6)
  3 kobold zombies (Ossuary)
  A leopard gecko skeleton (D:8)
  8 orc zombies (Ossuary)
  A quokka skeleton (D:5)
  2 quokka zombies
  5 rats
329 creatures vanquished.

Vanquished Creatures (others)
  2 orcs (D:11)
  5 fungi (D:11)
7 creatures vanquished.

Grand Total: 336 creatures vanquished

Notes
Turn   | Place    | Note
-------+----------+-------------------------------------------
     0 | D:1      | Kholdaimon the Minotaur Fighter began the quest for the Orb.
     0 | D:1      | Reached XP level 1. HP: 19/19 MP: 0/0
   264 | D:1      | Reached XP level 2. HP: 27/27 MP: 1/1
  1074 | D:2      | Reached XP level 3. HP: 28/33 MP: 2/2
  1134 | D:2      | Found a shimmering altar of Xom.
  1609 | D:2      | Noticed Robin
  1621 | D:2      | Reached XP level 4. HP: 40/40 MP: 3/3
  1636 | D:2      | Killed Robin
  1760 | D:2      | Found a runed door.
  1982 | D:2      | Noticed Crazy Yiuf
  1991 | D:2      | Killed Crazy Yiuf
  1991 | D:2      | Reached skill level 5 in Shields
  1991 | D:2      | Reached XP level 5. HP: 25/47 MP: 4/4
  2354 | D:3      | Found a glowing golden altar of the Shining One.
  2451 | D:3      | Noticed a dagger
  2452 | D:3      | Noticed a hand axe
  2456 | D:3      | Found a hide-covered altar of Uskayaw.
  2700 | D:3      | Found a sparkling altar of Nemelex Xobeh.
  2961 | D:4      | Noticed a centaur
  2968 | D:4      | Killed a centaur
  2968 | D:4      | Reached skill level 1 in Crossbows
  3263 | D:4      | Reached XP level 6. HP: 53/53 MP: 5/5
  3646 | D:4      | Reached skill level 5 in Axes
  3776 | D:5      | Entered Level 5 of the Dungeon
  3806 | D:5      | Reached skill level 5 in Fighting
  3834 | D:5      | Reached skill level 5 in Armour
  3847 | D:5      | Reached XP level 7. HP: 60/61 MP: 6/6
  4287 | D:5      | Found a staircase to the Ecumenical Temple.
  4317 | Temple   | Entered the Ecumenical Temple
  4412 | Temple   | Became a worshipper of Warmaster Okawaru
  4665 | D:6      | Found a sand-covered staircase.
  4673 | Ossuary  | Entered an ossuary
  4971 | Ossuary  | Reached XP level 8. HP: 46/69 MP: 7/7
  5117 | Ossuary  | Reached * piety under Okawaru
  5473 | D:6      | Found a blossoming altar of Fedhas.
  5561 | D:6      | Found a shadowy altar of Dithmenos.
  5565 | D:6      | Found a stormy altar of Qazlal.
  6750 | D:7      | Reached ** piety under Okawaru
  7135 | D:7      | Reached XP level 9. HP: 78/78 MP: 8/8
  7714 | D:8      | Noticed Joseph
  7714 | D:8      | Noticed Gastronok
  7752 | D:8      | Killed Joseph
  7752 | D:8      | Reached *** piety under Okawaru
  7752 | D:8      | Reached skill level 5 in Crossbows
  8352 | D:8      | Killed Gastronok
  8352 | D:8      | Received a gift from Okawaru
  8352 | D:8      | Reached **** piety under Okawaru
  8352 | D:8      | Reached skill level 10 in Shields
  8352 | D:8      | Reached XP level 10. HP: 46/88 MP: 9/9
  8582 | D:8      | Learned a level 3 spell: Regeneration
  8648 | D:8      | Reached skill level 10 in Axes
  9070 | D:8      | Found a bloodstained altar of Trog.
  9260 | D:9      | Reached ***** piety under Okawaru
  9328 | D:9      | Reached skill level 1 in Necromancy
  9466 | D:9      | Received a gift from Okawaru
  9466 | D:9      | Reached skill level 1 in Spellcasting
  9483 | D:9      | Reached skill level 1 in Charms
  9955 | D:9      | Noticed a centaur warrior
  9967 | D:9      | Killed a centaur warrior
  9967 | D:9      | Received a gift from Okawaru
  9973 | D:9      | Reached XP level 11. HP: 76/95 MP: 11/11
 10449 | D:10     | Entered Level 10 of the Dungeon
 10453 | D:10     | Found Ydiyntop's Demolitions Depot.
 11437 | D:11     | Found a staircase to the Orcish Mines.
 11824 | D:11     | Received a gift from Okawaru
 12142 | D:11     | Noticed a four-headed hydra
 12529 | D:11     | Noticed a red ugly thing
 12535 | D:11     | Received a gift from Okawaru
 12552 | D:11     | Killed a red ugly thing
 12930 | D:11     | Received a gift from Okawaru
 12933 | D:11     | Got a steaming arbalest {god gift}
 13150 | D:11     | Identified the +9 arbalest of Poverty {venom, +Blink rPois Str-2 Dex+5} (Okawaru gifted it to you on level 11 of the Dungeon)
 13494 | D:11     | Found a staircase to the Lair.
 13523 | D:11     | HP: 4/97 [seven-headed hydra (11)]
 13524 | D:11     | Slain by a seven-headed hydra

Vault maps used:
D:1:      doesnt_arrival_eight_statues, serial_bayou_ford_a
D:2:      grunt_decor_fettered, brannock_xom_greatest_gift, uniq_robin,
          uniq_crazy_yiuf_cottage
D:3:      dancing_weapons_uskayaw, lemuel_crystal_altar,
          overflow_temple_1_default, first_ration
D:5:      temple_green
D:6:      kennysheep_mini, minitemple, chequers_ossuary_entry_cave,
          kennysheep_another_room
D:8:      lightli_temple_of_fire, uniq_joseph, uniq_gastronok
D:9:      supply_closet_lemuel, grunt_pizzeria
D:10:     nicolae_blasting_shop
D:11:     grunt_lair_entry_orc_guard_hut, lab_entry_generic,
          hangedman_misty_isle
Temple:   regret_index_temple_generic_petals
Ossuary:  ossuary_tomb_2

Skill      XL: |  1  2  3  4  5  6  7  8  9 10 11 |
---------------+----------------------------------+-----
Shields        | 4 5 6 7 8 10 11 | 11.8
Axes           | 3 4 5 6 7 9 10 11 | 11.5
Fighting       | 4 5 6 7 8 9 |  9.0
Armour         | 4 5 6 7 8 9 |  9.0
Crossbows      | 1 2 3 4 5 6 |  6.8
Necromancy     | 1 2 |  2.4
Spellcasting   | 1 2 |  2.1
Charms         | 1 2 |  2.2

Action                   |  1- 3 |  4- 6 |  7- 9 | 10-12 || total
-------------------------+-------+-------+-------+-------++-------
Melee: War axe           |   102 |   193 |   352 |   417 ||  1064
       Headbutt          |    12 |    32 |    83 |    77 ||   204
 Fire: Hand crossbow     |       |     2 |    25 |   102 ||   129
       Blowgun           |       |       |       |     4 ||     4
       Arbalest          |       |       |       |     4 ||     4
Throw: Stone             |       |     2 |     1 |       ||     3
       Tomahawk          |       |       |       |     3 ||     3
  Use: Scroll            |       |    14 |     7 |     6 ||    27
       Potion            |       |       |     2 |     1 ||     3
 Stab: Invisible         |       |       |     1 |       ||     1
  Eat: Chunk             |     2 |     7 |    11 |    13 ||    33
       Ration            |       |       |     2 |     1 ||     3
Armor: Scale mail        |    52 |    51 |       |       ||   103
       Fire dragon scale |       |    44 |   156 |   180 ||   380
Dodge: Dodged            |    36 |    58 |    80 |   112 ||   286
Block: Shield            |    57 |   113 |   186 |   306 ||   662

Table legend:
 A = Spawn XP
 B = Non-spawn XP
 C = Spawn XP percentage of total XP
 D = Spawn monster count
 E = Non-spawn monster count
 F = Spawn count percentage of total count
 G = Total turns spent on level
                    A         B        C        D         E        F      G
               +---------+---------+-------+---------+---------+-------+---------
         Total |       0 |   18129 |   0.0 |       0 |     329 |   0.0 | 13524
               +---------+---------+-------+---------+---------+-------+---------
           D:1 |       0 |      34 |   0.0 |       0 |      19 |   0.0 |  1063
           D:2 |       0 |     171 |   0.0 |       0 |      43 |   0.0 |  1208
           D:3 |       0 |      36 |   0.0 |       0 |      22 |   0.0 |   677
           D:4 |       0 |     377 |   0.0 |       0 |      15 |   0.0 |   828
           D:5 |       0 |     495 |   0.0 |       0 |      27 |   0.0 |   652
           D:6 |       0 |     540 |   0.0 |       0 |      15 |   0.0 |  1204
           D:7 |       0 |    1141 |   0.0 |       0 |      27 |   0.0 |  1481
           D:8 |       0 |    4273 |   0.0 |       0 |      37 |   0.0 |  1163
           D:9 |       0 |    3744 |   0.0 |       0 |      28 |   0.0 |  1271
          D:10 |       0 |    1962 |   0.0 |       0 |      26 |   0.0 |   988
          D:11 |       0 |    4939 |   0.0 |       0 |      42 |   0.0 |  2087
       Ossuary |       0 |     417 |   0.0 |       0 |      28 |   0.0 |   767
               +---------+---------+-------+---------+---------+-------+---------
